FIQ, chaotic female elven Wizard ----- ---- ----- |...| |..-- --...| ---...| ---- ---- |...| ---....| |....-- ---------- ---..| |..------..------ |....-------.--.| ..||.)|..| |)...---|....-|....| |..| |d...---.|...||.| -.|-.....| ---- |......--.....|....| |..-- --......F..j---|.-- --.|......| |..-- ---..........*|-...| ---.--|d.f......[.| |..----........-- |...--- --..........--...-----%..|da.....q@.-- |....|....*....| |.....-- |.)..............|......|--...o.%.-- |..............--- ------....-- |......%.........|.....-- |....[.-- ---......|.......|--.-----....--- -----..................| |a...d.| |....|.|-......||....---......| ----..........[.%...------..a...--- --- --...|.||......--.....|.......| --...................| |......a...--..| --)...--...............--....| |..............%.--[.----.--..--.......| |............%...---..|--..-- --....------.....--|-.)....|------....--- --.....-.....----- ---- ---- |.>.--- ---.--.| |...(.--- ---.-- ---.|.....----- --..| --.<.||.----....| --- |...|--..-- ---- |..---|..----.--- |...| |..| |..| |.......| ----- ---- ---- --------- FIQ the Conjurer Experience level: 5 Strength: 25 Dexterity: 8 Constitution: 15 Intelligence: 15 Wisdom: 18 Charisma: 11 Health: 3(36) Energy: 57(57) Def: 4 Gold: 307 Moves: 2530 Dungeon seed: llqdoPfkhJ9VM5Pk Game ID: FIQ_1467321355 Your Inventory: Coins $ - 307 gold pieces Amulets G - an uncursed amulet versus poison Weapons a - a blessed +1 quarterstaff E - 4 cursed +0 daggers (wielded) Armor e - a blessed +0 cloak of magic resistance (being worn) n - an uncursed +0 pair of gauntlets of power (being worn) q - an uncursed +1 pair of water walking boots (being worn) Comestibles g - an uncursed apple o - 2 uncursed sprigs of wolfsbane u - 4 uncursed food rations w - 2 uncursed eucalyptus leaves D - an uncursed lichen corpse I - a cursed slime mold Scrolls s - 2 uncursed scrolls of enchant weapon y - an uncursed scroll of fire Spellbooks b - a blessed spellbook of force bolt c - an uncursed spellbook of slow monster Rings j - an uncursed ring of slow digestion Wands d - an uncursed wand of nothing (0:4) l - an uncursed wand of digging (0:3) m - a cursed wand of striking (0:7) t - a cursed wand of light (0:12) v - an uncursed wand of light (0:11) B - a cursed wand of undead turning (0:5) F - an uncursed wand of cold (0:7) J - an uncursed wand of create monster (0:13) Tools k - an uncursed skeleton key A - an uncursed wooden harp H - an uncursed tooled horn Spells and supernatural/magical abilities: Name Level Category Fail Memory a - force bolt 1 attack 19% 88% s - slow monster 2 enchantment 19% 88% W - pray for help -- divine ? -- Your skills at the end: Miscellaneous Skills wands [Basic] Weapon Skills quarterstaff [Basic] Spellcasting Skills attack spells [Skilled] enchantment spells [Basic] Final Attributes: You were piously aligned. You were sleep resistant. You were magic-protected. You had infravision. You could walk on water. You were extremely unlucky. Anhur was very angry with you. You are dead. Vanquished creatures: a dwarf lord a yellow light 5 gnome lords 4 dwarves a kobold lord an iguana 5 hill orcs 6 killer bees a gas spore 2 hobbits a large kobold 2 geckos 2 giant rats a yellow mold a green mold 15 gnomes 2 jackals 2 foxes 2 kobolds 2 newts 2 goblins 4 sewer rats a grid bug 3 bats 3 lichens 70 creatures vanquished. Voluntary challenges: You had been an atheist until turn 2225. You used a wielded weapon 21 times, starting on turn 130. You did not apply a unicorn horn. You read items or engraved 16 times, starting on turn 486. You never genocided any monsters. You never polymorphed an object. You never changed form. You used no wishes. You never split a pudding. You wrote Elbereth's name 1 time, starting on turn 2478. You never violated your personal moral code. Dungeon overview: The Dungeons of Doom: levels 1 to 4 Level 1 a long staircase Level 2 an armor shop Level 3 a general store, a fountain Level 4 a general store stairs to The Gnomish Mines The Gnomish Mines: levels 5 to 6 Level 5 stairs to The Dungeons of Doom Level 6 <- You were here History has recorded: On T:1 you entered the Dungeons of Doom to retrieve the Amulet of Yendor! On T:225 you advanced to experience level 2. On T:334 you reached level 2 of The Dungeons of Doom. On T:444 you reached level 3 of The Dungeons of Doom. On T:970 you advanced to experience level 3. On T:1166 you reached level 4 of The Dungeons of Doom. On T:1643 you reached level 1 of The Gnomish Mines. On T:1665 you advanced to experience level 4. On T:1813 you advanced to experience level 5. On T:1995 you reached level 2 of The Gnomish Mines. On T:2131 you advanced to experience level 6. Score breakdown: Gold: 307 ( 30 points) Experience: 5 levels ( 400 points) Exploration: 6 levels ( 150 points) Discoveries: 14 items ( 700 points) Variety of kills: 25 monsters ( 1250 points) Major goal: (nothing yet) ( 0 points) Survival: died (score multiplied by 3) Total score: 7590 Latest messages: "Thou must relearn thy lessons!" You feel foolish! Goodbye level 6. You begin praying to Anhur. The wolf turns to flee! The giant ant turns to flee! The giant ant falls into a pit! The voice of Anhur rings out: "Thou durst call upon me?" "Then die, mortal!" You begin praying to Anhur. The incubus of Anhur turns to flee! The wolf turns to flee! The voice of Anhur rings out: "Thou hast angered me." You feel a malignant aura surround you. You begin praying to Anhur. The winter wolf turns to flee! The rothe turns to flee! The shrieker shrieks. The shrieker turns to flee! The quivering blob turns to flee! The voice of Anhur thunders: "Thou hast angered me." Suddenly, a bolt of lightning strikes you! You fry to a crisp. Final status: Goodbye FIQ the Wizard, killed by the wrath of Anhur... You died in The Gnomish Mines on dungeon level 6 with 7590 points, and 307 pieces of gold, after 2530 moves. You were level 5 with a maximum of 36 hit points when you died.